TOP OF THE 1ST |
Southern California Trojans batting - Pitching for Mississippi Rebels : LHP Juan Méndez
|
Pitching: LHP Juan Méndez
|
|
Batting: RHB Ben Byrd
|
0-0: Ball 1-0: Called Strike 1-1: Foul Ball, location: 2F 1-2: TRIPLE (Flyball, 89D)
|
Batting: RHB John Fergusson
|
0-0: Foul Ball, location: 2F 0-1: Ground out 6-3 (Groundball, 6) Ben Byrd scores
|
Batting: LHB Kel Smith
|
0-0: Swinging Strike 0-1: Ground out 4-3 (Groundball, 4)
|
Batting: RHB Mike Carter
|
0-0: Swinging Strike 0-1: Ball 1-1: Swinging Strike 1-2: Foul Ball, location: 2F 1-2: Strikes out swinging
|
Top of the 1st over - 1 run(s), 1 hit(s), 0 error(s), 0 left on base; Southern California 1 - Mississippi 0 |
BOTTOM OF THE 1ST |
Mississippi Rebels batting - Pitching for Southern California Trojans : RHP Micheal Farr
|
Pitching: RHP Micheal Farr
|
|
Batting: RHB Jon Waller
|
0-0: Ball 1-0: Ball 2-0: Ball 3-0: Called Strike 3-1: Base on Balls
|
Batting: RHB Owen Parra
|
0-0: Ball 1-0: Foul Ball, location: 2F 1-1: Fly out, F5 (Line Drive, 5)
|
Batting: LHB Ryan Miller
|
0-0: Ball 1-0: Foul Ball, location: 2F 1-1: Called Strike 1-2: Strikes out looking
|
Batting: RHB Lou Hammond
|
0-0: Ball 1-0: Ball 2-0: Fly out, F8 (Line Drive, 8RS)
|
Bottom of the 1st over - 0 run(s), 0 hit(s), 0 error(s), 1 left on base; Southern California 1 - Mississippi 0 |
TOP OF THE 2ND |
Southern California Trojans batting - Pitching for Mississippi Rebels : LHP Juan Méndez
|
Batting: RHB Eddy Davenport
|
0-0: Ball 1-0: Called Strike 1-1: Fly out, F9 (Flyball, 89S)
|
Batting: SHB Will O'Clerkin
|
0-0: Ball 1-0: Ball 2-0: Ground out 3-1 (Groundball, 34S)
|
Batting: RHB Fletcher López
|
0-0: Called Strike 0-1: Ball 1-1: Ball 2-1: Ball 3-1: Base on Balls
|
Batting: LHB Gene Riddle
|
0-0: Ball 1-0: DOUBLE (Flyball, 78M) Fletcher López to third Runner from 3rd tries for Home, throw and OUT!
|
Top of the 2nd over - 0 run(s), 1 hit(s), 0 error(s), 1 left on base; Southern California 1 - Mississippi 0 |
BOTTOM OF THE 2ND |
Mississippi Rebels batting - Pitching for Southern California Trojans : RHP Micheal Farr
|
Batting: LHB John Allen
|
0-0: Foul Ball, location: 2F 0-1: Called Strike 0-2: Foul Ball, location: 2F 0-2: Ball 1-2: Ball 2-2: Ball 3-2: Base on Balls
|
Batting: SHB Jack Hendrix
|
0-0: Ball 1-0: Ball Wild Pitch! John Allen to second 2-0: Ball 3-0: Base on Balls
|
Batting: RHB Jesús Pérez
|
0-0: Fly out, F8 (Flyball, 78S)
|
Batting: RHB Mac Clark
|
0-0: Ball 1-0: Swinging Strike 1-1: Foul Ball, location: 2F 1-2: Strikes out swinging
|
Batting: RHB Jesús Estrada
|
0-0: Fly out, F9 (Flyball, 9LM)
|
Bottom of the 2nd over - 0 run(s), 0 hit(s), 0 error(s), 2 left on base; Southern California 1 - Mississippi 0 |
TOP OF THE 3RD |
Southern California Trojans batting - Pitching for Mississippi Rebels : LHP Juan Méndez
|
Batting: RHB Ben Martínez
|
0-0: Ball 1-0: Ball 2-0: Bunt missed! 2-1: Foul Ball, location: 2F 2-2: Ball 3-2: Foul Ball, location: 2F 3-2: Foul Ball, location: 2F 3-2: Strikes out swinging
|
Batting: RHB Ben Byrd
|
0-0: Ball 1-0: Ball 2-0: Ball 3-0: Base on Balls
|
Batting: RHB John Fergusson
|
0-0: Ball 1-0: Ball 2-0: Ball 3-0: Called Strike 3-1: Called Strike 3-2: Foul Ball, location: 2F 3-2: Strikes out looking Ben Byrd is caught stealing 2nd base Batter strikes out.
|
Top of the 3rd over - 0 run(s), 0 hit(s), 0 error(s), 0 left on base; Southern California 1 - Mississippi 0 |
BOTTOM OF THE 3RD |
Mississippi Rebels batting - Pitching for Southern California Trojans : RHP Micheal Farr
|
Batting: RHB Jon Waller
|
0-0: Fly out, F8 (Flyball, 8RM)
|
Batting: RHB Owen Parra
|
0-0: Foul Ball, location: 2F 0-1: Ball 1-1: Ball 2-1: Fly out, F3 (Flyball, 34D)
|
Batting: LHB Ryan Miller
|
0-0: Ball 1-0: SINGLE (Line Drive, 78M)
|
Batting: RHB Lou Hammond
|
0-0: Fielders Choice at 2nd, 6-4 (Groundball, 6)
|
Bottom of the 3rd over - 0 run(s), 1 hit(s), 0 error(s), 0 left on base; Southern California 1 - Mississippi 0 |
TOP OF THE 4TH |
Southern California Trojans batting - Pitching for Mississippi Rebels : LHP Juan Méndez
|
Batting: LHB Kel Smith
|
0-0: Ball 1-0: Ball 2-0: SINGLE (Line Drive, 4MD)
|
Batting: RHB Mike Carter
|
0-0: Ball 1-0: Called Strike 1-1: Called Strike 1-2: Ball 2-2: Ball 3-2: Base on Balls Kel Smith to second
|
Batting: RHB Eddy Davenport
|
0-0: Fielders Choice at 2nd, 1-4 (Groundball, 15) Kel Smith to third
|
Batting: SHB Will O'Clerkin
|
0-0: Ball 1-0: Ball Wild Pitch! Kel Smith scores Eddy Davenport to second 2-0: Fly out, F8 (Flyball, 8RM)
|
Batting: RHB Fletcher López
|
0-0: Ground out 6-3 (Groundball, 6)
|
Top of the 4th over - 1 run(s), 1 hit(s), 0 error(s), 1 left on base; Southern California 2 - Mississippi 0 |
BOTTOM OF THE 4TH |
Mississippi Rebels batting - Pitching for Southern California Trojans : RHP Micheal Farr
|
Batting: LHB John Allen
|
0-0: Swinging Strike 0-1: Fly out, F8 (Flyball, 8RM)
|
Batting: SHB Jack Hendrix
|
0-0: Ball 1-0: Foul Ball, location: 2F 1-1: Foul Ball, location: 2F 1-2: Foul Ball, location: 2F 1-2: Fly out, F6 (Popup, 6D)
|
Batting: RHB Jesús Pérez
|
0-0: Ground out 1-3 (Groundball, 15S)
|
Bottom of the 4th over - 0 run(s), 0 hit(s), 0 error(s), 0 left on base; Southern California 2 - Mississippi 0 |
TOP OF THE 5TH |
Southern California Trojans batting - Pitching for Mississippi Rebels : LHP Juan Méndez
|
Batting: LHB Gene Riddle
|
0-0: Ball 1-0: Ball 2-0: Ball 3-0: Base on Balls
|
Batting: RHB Ben Martínez
|
0-0: Ball 1-0: Ball 2-0: Ball 3-0: Called Strike 3-1: Foul Ball, location: 2F 3-2: Base on Balls Gene Riddle to second
|
Batting: RHB Ben Byrd
|
0-0: Called Strike 0-1: 3-RUN HOME RUN (Flyball, 7LD), Distance : 334 ft
|
Pitching: RHP Jake Seals
|
|
Batting: RHB John Fergusson
|
0-0: Foul Ball, location: 2F 0-1: Swinging Strike 0-2: Foul Ball, location: 2F 0-2: Ball 1-2: Foul Ball, location: 2F 1-2: Strikes out swinging
|
Batting: LHB Kel Smith
|
0-0: Ball 1-0: Ball 2-0: Ball 3-0: Called Strike 3-1: Base on Balls
|
Batting: RHB Mike Carter
|
0-0: Ball 1-0: Ball 2-0: Ball 3-0: Called Strike 3-1: Fly out, F4 (Line Drive, 4)
|
Batting: RHB Eddy Davenport
|
0-0: Ball 1-0: Ball 2-0: Foul Ball, location: 2F 2-1: Foul Ball, location: 2F 2-2: Foul Ball, location: 2F 2-2: Foul Ball, location: 2F 2-2: Foul Ball, location: 2F 2-2: Ball 3-2: Base on Balls Kel Smith to second
|
Batting: SHB Will O'Clerkin
|
0-0: Ball 1-0: Fly out, F9 (Flyball, 9)
|
Top of the 5th over - 3 run(s), 1 hit(s), 0 error(s), 2 left on base; Southern California 5 - Mississippi 0 |
BOTTOM OF THE 5TH |
Mississippi Rebels batting - Pitching for Southern California Trojans : RHP Micheal Farr
|
Batting: RHB Mac Clark
|
0-0: Ball 1-0: Ball 2-0: Foul Ball, location: 2F 2-1: Foul Ball, location: 2F 2-2: Fly out, F4 (Line Drive, 4M)
|
Batting: RHB Jesús Estrada
|
0-0: Ball 1-0: Ball 2-0: Ball 3-0: Called Strike 3-1: Foul Ball, location: 2F 3-2: Foul Ball, location: 2F 3-2: Base on Balls
|
Batting: RHB Jon Waller
|
0-0: Ball 1-0: TRIPLE (Flyball, 89XD) Jesús Estrada scores
|
Batting: RHB Owen Parra
|
0-0: Called Strike 0-1: Ball 1-1: Called Strike 1-2: Ball 2-2: Strikes out looking
|
Batting: LHB Ryan Miller
|
0-0: Ground out 4-3 (Groundball, 4)
|
Bottom of the 5th over - 1 run(s), 1 hit(s), 0 error(s), 1 left on base; Southern California 5 - Mississippi 1 |
TOP OF THE 6TH |
Southern California Trojans batting - Pitching for Mississippi Rebels : RHP Jake Seals
|
Batting: RHB Fletcher López
|
0-0: Foul Ball, location: 2F 0-1: Fly out, F8 (Line Drive, 8RM)
|
Batting: LHB Gene Riddle
|
0-0: Ground out 6-3 (Groundball, 6)
|
Batting: RHB Ben Martínez
|
0-0: Ball 1-0: Foul Ball, location: 2F 1-1: Swinging Strike 1-2: SINGLE (Groundball, 6S) (infield hit)
|
Batting: RHB Ben Byrd
|
0-0: Called Strike Ben Martínez steals 2nd base 0-1: Foul Ball, location: 2F 0-2: Ball 1-2: Ball 2-2: Fly out, F3 (Popup, 34)
|
Top of the 6th over - 0 run(s), 1 hit(s), 0 error(s), 1 left on base; Southern California 5 - Mississippi 1 |
BOTTOM OF THE 6TH |
Mississippi Rebels batting - Pitching for Southern California Trojans : RHP Micheal Farr
|
Batting: RHB Lou Hammond
|
0-0: Called Strike 0-1: Foul Ball, location: 2F 0-2: Ball 1-2: Strikes out looking
|
Batting: LHB John Allen
|
0-0: Ball 1-0: Foul Ball, location: 2F 1-1: Ball 2-1: Swinging Strike 2-2: Foul Ball, location: 2F 2-2: Fly out, F9 (Flyball, 9)
|
Batting: SHB Jack Hendrix
|
0-0: Ball 1-0: Called Strike 1-1: Swinging Strike 1-2: Ball 2-2: SINGLE (Line Drive, 3D)
|
Pitching: LHP Harry Arthur
|
|
Batting: RHB Jesús Pérez
|
0-0: Ball 1-0: Ball 2-0: Ball 3-0: Called Strike 3-1: Foul Ball, location: 2F 3-2: Strikes out swinging, 2-3 out at first.
|
Bottom of the 6th over - 0 run(s), 1 hit(s), 0 error(s), 1 left on base; Southern California 5 - Mississippi 1 |
TOP OF THE 7TH |
Southern California Trojans batting - Pitching for Mississippi Rebels : RHP Jake Seals
|
Batting: RHB John Fergusson
|
0-0: Called Strike 0-1: Ball 1-1: DOUBLE (Line Drive, 7LM)
|
Batting: LHB Kel Smith
|
0-0: Intentional Walk
|
Batting: RHB Mike Carter
|
0-0: Fly out, F8 (Line Drive, 8RD) Runner from 2nd tags up, SAFE at 3rd, no throw
|
Batting: RHB Eddy Davenport
|
0-0: Foul Ball, location: 2F 0-1: Swinging Strike 0-2: Strikes out swinging
|
Batting: SHB Will O'Clerkin
|
0-0: Called Strike 0-1: Swinging Strike 0-2: Strikes out swinging
|
Top of the 7th over - 0 run(s), 1 hit(s), 0 error(s), 2 left on base; Southern California 5 - Mississippi 1 |
BOTTOM OF THE 7TH |
Mississippi Rebels batting - Pitching for Southern California Trojans : LHP Harry Arthur
|
Batting: RHB Mac Clark
|
0-0: Foul Ball, location: 2F 0-1: Called Strike 0-2: Ground out 6-3 (Groundball, 6)
|
Batting: RHB Jesús Estrada
|
0-0: Called Strike 0-1: Ball 1-1: Swinging Strike 1-2: Strikes out swinging
|
Batting: RHB Jon Waller
|
0-0: Ball 1-0: Ball 2-0: Called Strike 2-1: Ball 3-1: Base on Balls
|
Batting: RHB Owen Parra
|
0-0: Ball 1-0: Ball 2-0: Foul Ball, location: 2F 2-1: Fly out, F2 (Popup, 5S)
|
Bottom of the 7th over - 0 run(s), 0 hit(s), 0 error(s), 1 left on base; Southern California 5 - Mississippi 1 |
TOP OF THE 8TH |
Southern California Trojans batting - Pitching for Mississippi Rebels : RHP Jake Seals
|
Pitching: LHP Paul Hart
|
|
Batting: RHB Fletcher López
|
0-0: Ball 1-0: Ball 2-0: Ball 3-0: Base on Balls
|
Batting: LHB Gene Riddle
|
0-0: Ball 1-0: Grounds into double play, 3-6-3 (Groundball, 3)
|
Batting: RHB Ben Martínez
|
0-0: Ball 1-0: Ball 2-0: Foul Ball, location: 2F 2-1: Ball 3-1: Ground out 6-3 (Groundball, 6)
|
Top of the 8th over - 0 run(s), 0 hit(s), 0 error(s), 0 left on base; Southern California 5 - Mississippi 1 |
BOTTOM OF THE 8TH |
Mississippi Rebels batting - Pitching for Southern California Trojans : LHP Harry Arthur
|
Batting: LHB Ryan Miller
|
0-0: Ball 1-0: SINGLE (Line Drive, 6MD)
|
Batting: RHB Lou Hammond
|
0-0: Ball 1-0: Called Strike 1-1: Ball 2-1: Foul Ball, location: 2F 2-2: Strikes out swinging
|
Batting: LHB John Allen
|
0-0: Ball 1-0: Ball 2-0: Ball 3-0: Base on Balls Ryan Miller to second
|
Pitching: RHP William Spencer
|
|
Batting: SHB Jack Hendrix
|
0-0: Ball 1-0: Ball 2-0: Ball 3-0: Base on Balls Ryan Miller to third John Allen to second
|
Batting: RHB Jesús Pérez
|
0-0: Ball 1-0: Fly out, F8 (Flyball, 8RM) Runner from 3rd tags up, SCORES, throw made
|
Batting: RHB Mac Clark
|
0-0: Fly out, F7 (Flyball, 78S)
|
Bottom of the 8th over - 1 run(s), 1 hit(s), 0 error(s), 2 left on base; Southern California 5 - Mississippi 2 |
TOP OF THE 9TH |
Southern California Trojans batting - Pitching for Mississippi Rebels : LHP Paul Hart
|
Batting: RHB Ben Byrd
|
0-0: Foul Ball, location: 2F 0-1: Ball 1-1: Fly out, F7 (Flyball, 7D)
|
Batting: RHB John Fergusson
|
0-0: Ball 1-0: Ball 2-0: Swinging Strike 2-1: Foul Ball, location: 2F 2-2: Strikes out swinging
|
Batting: LHB Kel Smith
|
0-0: Swinging Strike 0-1: Ball 1-1: Ball 2-1: Ball 3-1: SOLO HOME RUN (Flyball, 89XD), Distance : 376 ft
|
Batting: RHB Mike Carter
|
0-0: Ball 1-0: Foul Ball, location: 2F 1-1: Foul Ball, location: 2F 1-2: Ball 2-2: Ball 3-2: Strikes out swinging
|
Top of the 9th over - 1 run(s), 1 hit(s), 0 error(s), 0 left on base; Southern California 6 - Mississippi 2 |
BOTTOM OF THE 9TH |
Mississippi Rebels batting - Pitching for Southern California Trojans : RHP William Spencer
|
Pitching: RHP Roberto Montoya
|
|
Batting: RHB Jesús Estrada
|
0-0: Called Strike 0-1: Foul Ball, location: 2F 0-2: Ball 1-2: Ball 2-2: Ball 3-2: Foul Ball, location: 2F 3-2: Fly out, F9 (Flyball, 9S)
|
Batting: RHB Jon Waller
|
0-0: SINGLE (Groundball, 56S) (infield hit)
|
Batting: RHB Owen Parra
|
0-0: Ball 1-0: Ball 2-0: Fly out, F8 (Flyball, 78D)
|
Batting: LHB Ryan Miller
|
0-0: Foul Ball, location: 2F 0-1: Swinging Strike 0-2: Strikes out swinging
|
Bottom of the 9th over - 0 run(s), 1 hit(s), 0 error(s), 1 left on base; Southern California 6 - Mississippi 2 |
|